 Dungeon Crawl Stone Soup version 0.30-a0-840-ga523dec638 (webtiles) character file.

Game seed: 17526730777851051447

166586 Pooter the Executioner (level 17, -7/146 HPs)
             Began as a Minotaur Delver on Feb 28, 2023.
             Was a Priest of Okawaru.
             Mangled by a large abomination (14 damage)
             ... on level 3 of the Abyss on Mar 1, 2023.
             The game lasted 03:29:33 (32217 turns).

Pooter the Executioner (Minotaur Delver)           Turns: 32217, Time: 03:29:34

Health: -7/146     AC: 31    Str: 22    XL:     17   Next: 30%
Magic:  24/24      EV: 21    Int:  5    God:    Okawaru [***...]
Gold:   795        SH:  0    Dex: 13    Spells: 16/16 levels left

rFire   + . .      SeeInvis .    a - +3 executioner's axe (heavy)
rCold   . . .      Faith    .    (shield currently unavailable)
rNeg    . . .      Spirit   .    H - +9 plate armour
rPois   .          Reflect  .    P - +2 hat
rElec   .          Harm     .    B - scarf {rC+ rF+}
rCorr   .          Rampage  +    v - +0 pair of gloves "Zinem" {Rampage Regen+ Int-2}
Will    +....                    y - +2 pair of slick slippers {slick, slippery, EV+5} Stlth
                                 S - amulet of regeneration
HPRegen 0.00/turn                m - +4 ring of slaying
MPRegen 0.19/turn                i - +5 ring of evasion

@: heroic, sick
A: horns 2, retaliatory headbutt, MP-powered wands, [clumsy 1], [screaming 1],
[no potion heal 1], [cold vulnerability 1]
a: Renounce Religion, Heroism


You were on level 3 of the Abyss.
You worshipped Okawaru.
Okawaru was most pleased with you.
You visited 5 branches of the dungeon, and saw 26 of its levels.
You visited the Abyss 2 times.
You visited 1 bazaar.
You also visited: Ossuary.

You collected 2783 gold pieces.
You spent 1988 gold pieces at shops.

Inventory:

Hand Weapons
 a - a +3 heavy executioner's axe (weapon)
   (You acquired it on level 14 of the Dungeon)
 b - a +4 arbalest of draining
   (You took it off an orc knight on level 2 of the Orcish Mines)
 w - a +4 vampiric broad axe
   (You bought it in a shop on level 4 of the Dungeon)
 Y - a +2 antimagic battleaxe
   (You took it off an orc knight on level 11 of the Dungeon)
Missiles
 d - 2 boomerangs of dispersal {!f}
 n - 8 javelins
 o - 5 datura-tipped darts
 x - 35 poisoned darts
 G - 25 boomerangs (quivered)
 M - 3 silver boomerangs
 X - 3 curare-tipped darts
Armour
 v - the +0 pair of gloves "Zinem" (worn) {Rampage Regen+ Int-2}
   (Okawaru gifted it to you on level 5 of the Lair of Beasts)

   Int:       It affects your intelligence (-2).
   Regen:     It increases your rate of health regeneration.
   Rampage:   It bestows one free step when moving towards enemies.
 y - the +2 pair of slick slippers (worn) {slick, slippery, EV+5}
   (You bought it in a shop on level 4 of the Dungeon)

   Slick:     Its wearer cannot be constricted, engulfed, netted or webbed.
   Slippery:  It slips away from damaging melee attacks, pulling the attacker
   onward.
   EV:        It affects your evasion (+5).
 B - a scarf of resistance (worn)
   (You found it on level 3 of the Elven Halls)
 H - a +9 plate armour (worn)
   (You took it off an orc on level 5 of the Dungeon)
 P - a +2 hat (worn)
   (You took it off Gastronok on level 11 of the Dungeon)
 Q - a scarf of harm
   (You found it on level 2 of the Orcish Mines)
 T - a scarf of repulsion
   (You found it on level 9 of the Dungeon)
Jewellery
 i - a +5 ring of evasion (right hand)
   (You found it on level 14 of the Dungeon)
 k - a ring of flight
   (You found it on level 8 of the Dungeon)
 m - a +4 ring of slaying (left hand)
   (You found it on level 6 of the Dungeon)
 q - a +4 ring of protection
   (You found it on level 4 of the Dungeon)
 I - a ring of protection from cold
   (You found it on level 10 of the Dungeon)
 N - a ring of positive energy
   (You took it off a deep elf pyromancer on level 2 of the Elven Halls)
 S - an amulet of regeneration (around neck)
   (You found it on level 8 of the Dungeon)
 V - a ring of fire
   (You found it on level 1 of the Lair of Beasts)
Wands
 f - a wand of flame (75)
   (You found it on level 4 of the Dungeon)
 u - a wand of paralysis (14)
   (You found it on level 1 of the Lair of Beasts)
 D - a wand of digging (3)
 O - a wand of polymorph (6)
   (You bought it in a shop on level 4 of the Dungeon)
 Z - a wand of mindburst (8)
   (You found it on level 4 of the Lair of Beasts)
Scrolls
 c - 7 scrolls of fog
 e - 5 scrolls of magic mapping
 g - 2 scrolls of fear
 s - 3 scrolls of poison {!r}
 t - 12 scrolls of teleportation {@r4}
 C - 2 scrolls of immolation {!r}
 K - 4 scrolls of blinking
Potions
 h - 4 potions of flight
 j - 9 potions of curing {@q1}
 l - 4 potions of heal wounds {@q2}
 p - 3 potions of haste {@q3}
 r - a potion of cancellation
 z - 3 potions of ambrosia
 A - 3 potions of mutation {!q}
 E - 2 potions of resistance
 F - 2 potions of berserk rage {unknown}
 J - a potion of lignification {!q}
 L - a potion of magic {unknown}
 R - 5 potions of attraction {!q}
 U - a potion of invisibility
 W - 4 potions of might


   Skills:
 - Level 12.2(17.2) Fighting
 - Level 23.1(27) Axes
 - Level 11.3(23.6) Maces & Flails
 - Level 14.4(19.4) Ranged Weapons
 + Level 3.1(8.1) Throwing
 - Level 10.0(15.0) Armour
 + Level 6.1(11.1) Dodging
 - Level 6.1(11.1) Stealth
 - Level 10.8 Invocations
 + Level 6.7 Evocations


You had 16 spell levels left.
You didn't know any spells.
Your spell library contained the following spells:

 Spells                   Type           Power      Damage    Failure   Level
 Kiss of Death            Conj/Necr      0%         2d5       99%         1
 Sandblast                Erth           0%         2d4       99%         1
 Cigotuvi's Dreadful Rot  Necr/Pois/Air  0%         N/A       100%        2
 Poisonous Vapours        Pois/Air       0%         N/A       100%        2
 Confusing Touch          Hex            0%         N/A       100%        3
 Inner Flame              Hex/Fire       0%         N/A       100%        3
 Mephitic Cloud           Conj/Pois/Air  0%         N/A       100%        3
 Portal Projectile        Hex/Tloc       0%         N/A       100%        3
 Vhi's Electric Charge    Tloc/Air       0%         N/A       100%        3
 Cause Fear               Hex            0%         N/A       100%        4
 Dispel Undead            Necr           0%         3d6       100%        4
 Flame Wave               Conj/Fire      0%         2d4       100%        4
 Leda's Liquefaction      Hex/Erth       0%         N/A       100%        4
 Petrify                  Tmut/Erth      0%         N/A       100%        4
 Sticky Flame             Conj/Fire      0%         2d3       100%        4
 Arcjolt                  Conj/Air       0%         1d10      100%        5
 Blade Hands              Tmut           0%         N/A       100%        5
 Lee's Rapid Deconstruct  Erth           0%         3d4*      100%        5
 Metabolic Englaciation   Hex/Ice        0%         N/A       100%        5
 Conjure Ball Lightning   Conj/Air       0%         3x3d6     100%        6
 Statue Form              Tmut/Erth      0%         N/A       100%        6
 Discord                  Hex            0%         N/A       100%        8
 Disjunction              Tloc           0%         N/A       100%        8
 Maxwell's Capacitive Co  Air            0%         ∞         100%        8
 Call Canine Familiar     Summ           Unusable   N/A       N/A         3
 Tukima's Dance           Hex            Unusable   N/A       N/A         3
 Death Channel            Necr           Unusable   N/A       N/A         6

Dungeon Overview and Level Annotations

Branches:
Dungeon (15/15)            Temple (1/1) D:6            Lair (5/5) D:11
 Shoals (0/4) Lair:2       Spider (0/4) Lair:3        Slime (0/5) Lair:5
    Orc (2/2) D:11            Elf (3/3) Orc:2        Vaults (0/5) D:14
 Depths (0/4) D:15        Ossuary (visited)

Altars:
Dithmenos
Elyvilon
Fedhas
Gozag
Hepliaklqana
Kikubaaqudgha
Makhleb
Nemelex Xobeh
Okawaru
Qazlal
Ru
Sif Muna
Trog
Uskayaw
Vehumet
Xom
Zin
The Shining One
Jiyva

Shops:
D:4 *[(![   D:6 (   D:9 *   Orc:2 ([(:

Annotations:
Elf:2 3 runed translucent doors


Innate Abilities, Weirdness & Mutations

You have a pair of horns on your head.
You reflexively headbutt those who attack you in melee.
You expend magic power (3 MP) to strengthen your wands.
[You are clumsy. (Dex -2)]
[You occasionally shout uncontrollably at your foes.]
[Potions are less effective at restoring your health.]
[You are vulnerable to cold. (rC-)]


Message History

You are more poisoned.
You feel extremely sick.
You are engulfed in poison gas.
You are more poisoned.
* * * LOW HITPOINT WARNING * * *
* * * LOW HITPOINT WARNING * * *
You feel extremely sick.
Unknown command.
Your system partially rejects the healing.
You feel better.
You are engulfed in poison gas.
You are poisoned.
* * * LOW HITPOINT WARNING * * *
You feel very sick.
You rampage towards the large abomination!
The helpless large abomination fails to defend itself.
You cut the large abomination into ribbons!!!!
You destroy the large abomination!
Okawaru accepts your kill.
You feel very sick.
You feel very sick.
You see here a catoblepas corpse.
Okay, then.
You feel sick.
You feel sick.
You feel sick.
You feel sick.
The neqoxec shouts!
You feel sick.
An earth elemental comes into view.
You yell at the earth elemental!
You feel sick.
You hear a hideous shriek!
You feel sick.
You feel sick.
You are no longer poisoned.
The neqoxec gestures at you.
Strange energies course through your body.
You feel your magical essence link to the dungeon's wands.
Found two gateways leading deeper into the Abyss.
The large abomination hits you!
* * * LOW HITPOINT WARNING * * *
The neqoxec gestures at you.
Something tries to feed on your intellect!
You barely miss the large abomination.
The large abomination closely misses you.
You furiously retaliate!
You headbutt the large abomination. You slash the large abomination!
You headbutt the large abomination! You barely miss the large abomination.
Your headbutt misses the large abomination.
The large abomination hits you!
You die...

§ #.##.## #
..3§....#..#.#
...X§ ...#..#
.§..# #. ..#
#... §...#.##.#
.... ###..3...#
#...
#.......#.#..#
.. ..#.#X##...
~≈#.. ##.@.#.#
~~#.##..#...#.#
#.~♣~ #.###...#
#.
≈~~##...###.§#
# # ≈>~># #§#
...~~~~ .
..#...~ #......
. .#


You could see a large abomination and a neqoxec.

Vanquished Creatures
  A bone dragon (Arena)
  A deep elf blademaster (Elf:3)
  A tentacled starspawn (Abyss:2)
  Gastronok (D:11)
  2 deep elf sorcerers (Elf:3)
  A daeva (Abyss:3)
  A deep elf elementalist (Elf:3)
  2 orc warlords
  A shard shrike simulacrum (Abyss:2)
  An ironbound preserver (D:14)
  A deep elf annihilator (Elf:3)
  4 deep elf demonologists
  A lorocyproca (Abyss:2)
  2 deep elf death magi
  Josephine (D:11)
  2 fire dragons (D:15)
  2 deep elf high priests
  2 hydras
  Harold (D:9)
  Erolcha (D:10)
  A centaur warrior (D:13)
  4 catoblepae
  5 death yaks (Lair:5)
  8 boulder beetles
  5 two-headed ogres
  A naga warrior (Abyss:2)
  2 death knights
  A deep troll shaman (Lair:5)
  18 dancing weapons
  3 tengu warriors
  Urug (D:10)
  3 thrashing horrors
  3 deep elf knights
  A skyshark (Lair:2)
  2 wretched stars
  Sonja (D:11)
  6 skeletal warriors (D:15)
  Amaemon (D:10)
  2 fire crabs (Abyss:3)
  A swamp dragon (Abyss:3)
  A flayed ghost (Abyss:3)
  7 deep elf archers
  Pikel (D:8)
  37 deep elf pyromancers
  A phantasmal warrior (D:15)
  A mana viper (Abyss:2)
  2 orc sorcerers (Orc:2)
  A lindwurm (Lair:3)
  An oklob plant (Lair:5)
  5 orc knights
  A shining eye (Abyss:3)
  16 deep elf zephyrmancers
  A salamander (Abyss:2)
  8 ugly things
  10 large abominations
  5 manticores
  2 elephants (Lair:5)
  6 centaur zombies (D:10)
  6 cyclopes
  A worldbinder (Abyss:2)
  Maurice (D:8)
  A guardian serpent (Abyss:2)
  A naga mage (Abyss:2)
  Joseph (D:9)
  An apocalypse crab (Abyss:3)
  2 gargoyles (D:13)
  2 merfolk sirens (Lair:2)
  Maggie (D:6)
  5 orange demons
  3 smoke demons
  2 black mambas
  7 cane toads
  2 unseen horrors
  Psyche (D:9)
  5 kobold demonologists
  2 unseen horror zombies (D:10)
  A freezing wraith (D:15)
  A rime drake (Lair:2)
  8 komodo dragons
  3 ancient zymes
  3 efreet
  2 tengu conjurers
  9 trolls
  A queen bee (shapeshifter) (D:15)
  A hornet (D:8)
  A hellwing (Abyss:2)
  A wolf spider simulacrum (D:15)
  5 polar bears
  A merfolk (Lair:2)
  14 starcursed masses
  18 blink frogs
  Grinder (D:5)
  4 raiju
  10 dream sheep
  22 slime creatures
  A flying skull (Abyss:3)
  3 shadows
  A centaur simulacrum (D:9)
  A wyvern (Lair:3)
  2 air elementals
  11 wraiths
  2 fire elementals
  3 water elementals
  5 vampires
  4 ynoxinuls
  Grum (D:8)
  38 yaks
  A steam dragon (D:10)
  2 chaos spawn
  A neqoxec (Abyss:2)
  4 vampire mosquitoes
  A redback simulacrum (D:14)
  Menkaure (D:5)
  4 wargs
  2 nagas (Abyss:2)
  An acid dragon (D:7)
  2 hell hounds (Orc:2)
  10 water moccasins
  4 sky beasts
  A black bear (shapeshifter) (D:13)
  3 ice beasts
  4 black bears
  34 orc warriors
  10 ogres
  11 wolves
  5 centaurs
  2 lemures (D:7)
  A phantom (D:5)
  3 kobold brigands
  10 small abominations
  13 bullfrogs
  A necrophage (D:7)
  6 scorpions
  A gnoll sergeant (D:9)
  5 earth elementals
  A wight (Abyss:2)
  3 killer bees (D:10)
  2 electric eels
  3 howler monkeys
  A hound (D:5)
  2 quasits
  5 jellies
  22 orc priests
  Ijyb (D:3)
  3 iguanas
  20 orc wizards
  2 howler monkey zombies (D:10)
  A mummy (Ossuary)
  16 gnolls
  12 adders
  A white imp (D:8)
  2 ufetubi
  2 worms (D:2)
  4 dart slugs
  93 orcs
  5 spectral bats (Ossuary)
  10 endoplasms
  A giant cockroach (D:1)
  12 gnoll zombies (Ossuary)
  7 goblins
  7 hobgoblins
  8 jackals
  23 kobolds
  A quokka (D:3)
  6 ball pythons
  4 bats
  2 bat simulacra (Ossuary)
  3 frilled lizards
  4 goblin simulacra (Ossuary)
  5 goblin zombies (Ossuary)
  5 hobgoblin zombies (Ossuary)
  4 kobold zombies (Ossuary)
  4 orc zombies (Ossuary)
  4 rats
  2 rat simulacra (Ossuary)
  3 spectral goblins (Ossuary)
  2 spectral kobolds (Ossuary)
  5 spectral rats (Ossuary)
  2 starspawn tentacles (Abyss:2)
894 creatures vanquished.

Vanquished Creatures (collateral kills)
  An orc priest (D:8)
  2 orc wizards
  2 orcs
5 creatures vanquished.

Vanquished Creatures (others)
  An air elemental (Elf:1)
  A water elemental (Elf:1)
  A worm (D:5)
  3 orcs
  56 fungi
  90 plants
  12 withered plants (D:10)
164 creatures vanquished.

Grand Total: 1063 creatures vanquished

Notes
Turn   | Place    | Note
-------+----------+-------------------------------------------
     0 | D:5      | Pooter the Minotaur Delver began the quest for the Orb.
     0 | D:5      | Reached XP level 1. HP: 19/19 MP: 0/0
     3 | D:5      | Noticed an iguana
    19 | D:6      | Noticed a howler monkey
    26 | D:6      | Noticed an ice beast
    26 | D:6      | Noticed a bullfrog
    28 | D:6      | Killed a howler monkey
    28 | D:6      | Noticed a black bear
    29 | D:6      | Reached skill level 3 in Axes
    29 | D:6      | Reached XP level 2. HP: 13/27 MP: 1/1
    29 | D:6      | Reached XP level 3. HP: 17/33 MP: 2/2
    47 | D:6      | Found a sand-covered staircase.
    58 | Ossuary  | Entered an ossuary
   341 | Ossuary  | Reached XP level 4. HP: 32/32 MP: 3/3
   927 | Ossuary  | Reached skill level 4 in Axes
   995 | D:6      | Killed a black bear
   996 | D:6      | Reached XP level 5. HP: 41/47 MP: 4/4
  1025 | D:6      | Found a staircase to the Ecumenical Temple.
  1030 | D:6      | Noticed a sky beast
  1038 | Temple   | Entered the Ecumenical Temple
  1044 | Temple   | Became a worshipper of Warmaster Okawaru
  1061 | Temple   | Killed an ice beast
  1062 | Temple   | Reached skill level 5 in Fighting
  1062 | Temple   | Reached XP level 6. HP: 11/56 MP: 5/5
  1222 | D:6      | Killed a sky beast
  1223 | D:6      | Reached skill level 5 in Stealth
  1272 | D:6      | Found Zuqeit's Antique Weapon Shoppe.
  1329 | D:5      | Reached XP level 7. HP: 57/61 MP: 6/6
  1440 | D:5      | Noticed Menkaure
  1484 | D:5      | Killed Menkaure
  1484 | D:5      | Reached * piety under Okawaru
  1485 | D:5      | Reached skill level 5 in Maces & Flails
  1889 | D:4      | Found Jiys's Antique Armour Emporium.
  1909 | D:4      | Found Palef's Weapon Shop.
  2000 | D:4      | Found Zivyg's Distillery.
  2063 | D:4      | Found Urruatsi's Armour Shoppe.
  2657 | D:1      | Found a faded altar of an unknown god.
  3263 | D:2      | Found a shadowy altar of Dithmenos.
  3335 | D:2      | Reached XP level 8. HP: 70/70 MP: 7/7
  3733 | D:3      | Reached skill level 1 in Ranged Weapons
  3788 | D:3      | Noticed Ijyb
  3795 | D:3      | Killed Ijyb
  3796 | D:3      | Reached skill level 5 in Dodging
  4540 | D:4      | Found Etaxud's Assorted Antiques.
  4543 | D:4      | Bought a grey potion for 29 gold pieces
  4543 | D:4      | Bought a cyan potion for 29 gold pieces
  4717 | D:5      | Noticed Grinder
  4726 | D:5      | Paralysed by Grinder for 5 turns
  4732 | D:5      | Killed Grinder
  5235 | D:5      | Found a glowing silver altar of Zin.
  5677 | D:6      | Bought a war axe for 63 gold pieces
  5733 | D:4      | Bought a potion of curing for 42 gold pieces
  5753 | D:4      | Reached skill level 8 in Axes
  5753 | D:4      | Reached skill level 5 in Invocations
  5753 | D:4      | Reached XP level 9. HP: 78/78 MP: 7/12
  5754 | D:4      | Reached skill level 9 in Axes
  5754 | D:4      | Reached XP level 10. HP: 88/88 MP: 7/14
  5885 | D:7      | Reached XP level 11. HP: 81/94 MP: 15/15
  6075 | D:7      | Found a bloodstained altar of Trog.
  6078 | D:7      | Found a white marble altar of Elyvilon.
  6083 | D:7      | Found a glowing golden altar of the Shining One.
  6145 | D:7      | Noticed Maggie
  6156 | D:7      | Noticed a sun demon
  6492 | D:6      | Reached skill level 1 in Armour
  6501 | D:6      | Reached skill level 10 in Axes
  6508 | D:6      | Killed Maggie
  7627 | D:8      | Noticed Maurice
  7648 | D:8      | Killed Maurice
  7912 | D:8      | Noticed Pikel
  7922 | D:8      | Killed Pikel
  8294 | D:8      | Noticed Grum
  8308 | D:8      | Killed Grum
  8697 | D:4      | Bought a gold wand for 132 gold pieces
  8826 | D:9      | Found an ancient bone altar of Kikubaaqudgha.
  8829 | D:9      | Found a blossoming altar of Fedhas.
  8931 | D:9      | Reached skill level 10 in Ranged Weapons
  8996 | D:9      | Found Oshuikh's Assorted Antiques.
  9004 | D:9      | Bought a scroll of identify for 38 gold pieces
  9004 | D:9      | Bought a metallic puce potion for 17 gold pieces
  9004 | D:9      | Bought a black potion for 17 gold pieces
  9005 | D:9      | Noticed Harold
  9344 | D:9      | Killed Harold
  9396 | D:9      | Noticed a two-headed ogre
  9404 | D:9      | Killed a two-headed ogre
  9405 | D:9      | Reached skill level 11 in Axes
  9595 | D:9      | Found a sacrificial altar of Ru.
  9640 | D:9      | Noticed Joseph
  9648 | D:9      | Killed Joseph
  9787 | D:9      | Noticed Psyche
  9804 | D:9      | Killed Psyche
 10010 | D:10     | Entered Level 10 of the Dungeon
 10176 | D:10     | Noticed Urug
 10182 | D:10     | Noticed a two-headed ogre
 10186 | D:10     | Killed Urug
 10424 | D:9      | Killed a two-headed ogre
 10500 | D:10     | Reached XP level 12. HP: 76/104 MP: 17/17
 10500 | D:10     | Reached ** piety under Okawaru
 10600 | D:10     | Noticed Erolcha
 10608 | D:10     | Killed Erolcha
 10894 | D:4      | Bought a potion of might for 56 gold pieces
 10997 | D:10     | Noticed Amaemon
 11008 | D:10     | Killed Amaemon
 11009 | D:10     | Reached skill level 12 in Axes
 11209 | D:10     | Reached skill level 5 in Armour
 11740 | D:11     | Noticed Sonja
 11749 | D:11     | Killed Sonja
 11755 | D:11     | Reached *** piety under Okawaru
 11857 | D:11     | Noticed a boulder beetle
 11874 | D:11     | Noticed a two-headed ogre
 11901 | D:11     | Found a staircase to the Orcish Mines.
 11954 | D:11     | Noticed Gastronok
 11968 | D:11     | Killed Gastronok
 12107 | D:11     | Found a staircase to the Lair.
 12139 | D:11     | Killed a boulder beetle
 12139 | D:11     | Reached **** piety under Okawaru
 12173 | D:11     | Noticed Josephine
 12181 | D:11     | Killed Josephine
 12195 | D:11     | Reached skill level 10 in Fighting
 12669 | D:11     | Reached ***** piety under Okawaru
 12670 | D:11     | Reached skill level 13 in Axes
 12921 | Orc:1    | Entered Level 1 of the Orcish Mines
 12934 | D:11     | Reached XP level 13. HP: 93/113 MP: 5/18
 13503 | Orc:1    | You fall into a shaft and drop 1 floor!
 13503 | Orc:2    | Entered Level 2 of the Orcish Mines
 13650 | Orc:2    | Noticed an orc warlord
 13762 | Orc:2    | Found Oxumij's Book Emporium.
 13923 | Orc:1    | Killed an orc warlord
 14028 | Orc:2    | Noticed an orc warlord
 14047 | Orc:2    | Killed an orc warlord
 14128 | Orc:2    | Found Joham's Antique Weapon Emporium.
 14130 | Orc:2    | Found Oworex's Antique Armour Shoppe.
 14278 | Orc:2    | Found a flickering gateway to a bazaar.
 14284 | Bazaar   | Entered a bazaar
 14311 | Bazaar   | Found Xeotimi's Antique Weapon Boutique.
 14359 | Bazaar   | Found Zeutosu's Distillery.
 14386 | Bazaar   | Found Birghifup's Antique Weapon Emporium.
 14449 | Bazaar   | Found Keanitywn's Antique Armour Shoppe.
 14485 | Bazaar   | Found Yshri Poa's Book Emporium.
 14524 | Bazaar   | Bought a glowing cloak for 225 gold pieces
 14524 | Bazaar   | Bought a pair of glowing gloves for 225 gold pieces
 14570 | Bazaar   | Bought a potion of curing for 33 gold pieces
 14570 | Bazaar   | Bought a potion of invisibility for 88 gold pieces
 14570 | Bazaar   | Bought a potion of curing for 33 gold pieces
 14570 | Bazaar   | Bought a potion of mutation for 88 gold pieces
 14696 | Orc:2    | Found Wugh's Antique Weapon Shop.
 14912 | Orc:2    | Found a staircase to the Elven Halls.
 15695 | Lair:1   | Entered Level 1 of the Lair of Beasts
 16282 | D:4      | Bought the +2 pair of slick slippers {slick, slippery,
                  | EV+5} for 467 gold pieces
 16282 | D:4      | Found the +2 pair of slick slippers {slick, slippery, EV+5}
 17341 | Lair:2   | Found a staircase to the Shoals.
 17529 | Lair:3   | Identified the +0 pair of boots "Tiloytwi" {Str+4} (Okawaru
                  | gifted it to you on level 3 of the Lair of Beasts)
 17529 | Lair:3   | Received a gift from Okawaru
 17530 | Lair:3   | Reached XP level 14. HP: 124/124 MP: 16/20
 17545 | Lair:3   | Reached skill level 5 in Evocations
 18153 | Lair:3   | Reached skill level 10 in Maces & Flails
 18205 | Lair:3   | Found a hole to the Spider Nest.
 18236 | Lair:3   | Reached skill level 14 in Axes
 18992 | Lair:3   | Upgraded the game from 0.30-a0-830-gfe289a77b0 to
                  | 0.30-a0-840-ga523dec638
 19095 | Lair:4   | Reached skill level 10 in Invocations
 20157 | Lair:5   | Entered Level 5 of the Lair of Beasts
 21391 | Lair:5   | Found a staircase to the Slime Pits.
 21456 | Lair:5   | Found a viscous altar of Jiyva.
 21706 | Lair:5   | Identified the +0 pair of gloves "Zinem" {Rampage Regen+
                  | Int-2} (Okawaru gifted it to you on level 5 of the Lair of
                  | Beasts)
 21706 | Lair:5   | Received a gift from Okawaru
 22013 | Lair:5   | Identified the +0 trident of Slimy Exoneration {pain, rPois
                  | rF- Will++ SInv}
 22305 | D:4      | Bought a +3 vampiric broad axe for 406 gold pieces
 23459 | D:13     | Identified the +5 leather armour of the Circus Animal
                  | {Str+3}
 23716 | D:13     | Reached XP level 15. HP: 115/132 MP: 7/21
 23721 | D:13     | Reached skill level 1 in Throwing
 24047 | D:14     | Identified the +1 robe of the Pits of Slime {+Blink rC+
                  | Str+3} (Okawaru gifted it to you on level 14 of the
                  | Dungeon)
 24047 | D:14     | Received a gift from Okawaru
 24107 | D:14     | Found a gate to the Vaults.
 24421 | D:14     | Reached skill level 10 in Armour
 24507 | D:14     | Identified a scroll of acquirement
 24515 | D:14     | Acquired a +3 heavy executioner's axe
 24566 | D:15     | Entered Level 15 of the Dungeon
 24590 | D:15     | Reached skill level 15 in Axes
 24959 | D:15     | Reached skill level 16 in Axes
 25422 | Arena    | Entered the Arena
 25630 | D:15     | Found a staircase to the Depths.
 26114 | Elf:1    | Entered Level 1 of the Elven Halls
 26135 | Elf:1    | Reached skill level 17 in Axes
 26187 | Elf:1    | Received a gift from Okawaru
 26269 | Elf:1    | Received a gift from Okawaru
 26302 | Elf:1    | Noticed an Ice Fiend
 27313 | Elf:1    | Reached skill level 18 in Axes
 27468 | Elf:1    | Reached XP level 16. HP: 103/139 MP: 7/23
 27618 | Elf:1    | Received a gift from Okawaru
 27828 | Elf:1    | Paralysed by an air elemental for 1 turns
 27892 | Elf:1    | Reached skill level 19 in Axes
 28396 | Elf:2    | Reached skill level 20 in Axes
 28828 | Elf:2    | Got Morism's Incunable of the Rocks
 29502 | Elf:2    | Found a runed translucent gate.
 29503 | Elf:2    | Found a runed translucent gate.
 29503 | Elf:2    | Found a runed translucent gate.
 29543 | Elf:3    | Entered Level 3 of the Elven Halls
 30080 | Elf:3    | Reached skill level 21 in Axes
 30439 | Elf:3    | Noticed a deep elf blademaster
 30440 | Elf:3    | Noticed a deep elf blademaster
 30603 | Elf:3    | Killed a deep elf blademaster
 30681 | Elf:3    | Identified the +0 plate armour of Absence {rF+++ rC- rCorr
                  | Stlth-} (Okawaru gifted it to you on level 3 of the Elven
                  | Halls)
 30681 | Elf:3    | Received a gift from Okawaru
 31068 | Abyss:2  | Found a corrupted altar of Lugonu.
 31068 | Abyss:2  | Cast into level 2 of the Abyss (a deep elf sorcerer)
 31333 | Abyss:2  | Reached skill level 22 in Axes
 31337 | Abyss:2  | Noticed a bone dragon
 31338 | Arena    | Entered the Arena
 31344 | Arena    | Killed a bone dragon
 31524 | Abyss:2  | Noticed a tentacled starspawn
 31528 | Abyss:2  | Killed a tentacled starspawn
 31565 | Abyss:2  | Reached XP level 17. HP: 146/146 MP: 24/24
 31627 | Abyss:2  | Found a corrupted altar of Lugonu.
 31720 | Abyss:2  | Found a corrupted altar of Lugonu.
 31904 | Elf:3    | Escaped the Abyss
 31909 | Elf:3    | Reached skill level 23 in Axes
 31931 | Abyss:3  | Cast into level 3 of the Abyss (a deep elf sorcerer)
 32068 | Abyss:3  | Found a corrupted altar of Lugonu.
 32211 | Abyss:3  | Gained mutation: You expend magic power (3 MP) to
                  | strengthen your wands. [a neqoxec]
 32214 | Abyss:3  | HP: 7/146 [large abomination (11)]
 32217 | Abyss:3  | Mangled by a large abomination

Illustrated notes

Levels and vault maps discovered:
D:1:      minmay_arrival_loop, layout_rooms, basic_ecumenical_altar,
          moated_statue
D:2:      layout_loops_corners, basic_altar, serial_bayou_pond_c
D:3:      layout_rooms, minmay_misc_feat_plants, uniq_ijyb
D:4:      layout_loops_ring, serial_shops, nicolae_shop_crystal,
          nicolae_shop_stone, kennysheep_mini_moat, shop, nicolae_shop_stone
D:5:      layout_basic, zin_statuary, uniq_menkaure, uniq_grinder
D:6:      lemuel_ice_spiral_2, layout_rooms, minmay_temple_entry_stoned_glass,
          chequers_ossuary_entry_cave, serial_shops, shop,
          minmay_misc_feat_doors
D:7:      layout_rooms, grunt_temple_overflow_diamond, kennysheep_potato,
          uniq_maggie
D:8:      layout_loops_ring, uniq_grum, uniq_maurice, uniq_pikel
D:9:      layout_gridville, grunt_temple_overflow_growth_and_decay,
          mainiacjoe_overflow_concentric_impassable, serial_shops,
          nicolae_shop_stone, uniq_harold, uniq_joseph, uniq_psyche
D:10:     layout_roguey, serial_undead, serial_undead_a, serial_undead_b,
          serial_undead_c, serial_undead_b, serial_undead_b, serial_undead_d,
          grunt_ogre_cave, uniq_urug, uniq_erolcha, uniq_amaemon
D:11:     layout_grid_maze, due_lair_maze_entry_diamond, hiddenorc1_lemuel,
          minmay_misc_feat_four_crosses, uniq_sonja, uniq_gastronok,
          uniq_josephine
D:12:     layout_long_grid
D:13:     layout_basic
D:14:     layout_roguey, skrybe_vaults_entry_preservation,
          einodemon_barbed_minivault
D:15:     grunt_enter_depths_hoard, layout_layer_cave,
          nicolae_figureground_pulse, grunt_ministairs_4
Temple:   hellmonk_temple_two_chambers
Lair:1:   layout_misc_corridors
Lair:2:   layout_roguey, elwin_shoals_entry_rooms, infiniplex_staircase_pool_2
Lair:3:   layout_long_grid, dummy_spider_entry, chequers_serial_rivers_large_a
Lair:4:   layout_cave_pods
Lair:5:   grunt_lair_end_beastmaster, layout_regular_city,
          nicolae_slime_entry_slimehenge, minmay_lair_oklob_items,
          serial_bayou_shore_a
Orc:1:    layout_diamond_mine
Orc:2:    grunt_orc_community_town_hall, layout_diamond_mine,
          grunt_orc_community_big_house_2, grunt_orc_community_big_house_2,
          grunt_orc_community_house_2, grunt_orc_community_house_2,
          grunt_orc_community_house_2, grunt_orc_community_house_1,
          grunt_orc_community_house_3, serial_shops, bzr_entry_road,
          enter_volcano_3, nicolae_orc_flooded_monolith,
          dreamdust_deal_with_the_devil
Elf:1:    layout_geoelf_diagonals, minmay_elf_demonology
Elf:2:    nicolae_elf_blades_crystal_corner, layout_loops_corners, uniq_nikola
Elf:3:    minmay_elf_hall_circle, layout_onion_city, minmay_misc_feat_five
Abyss:3:  base: D:5, hangedman_abyss_or_decor_clamps,
          guppyfry_abyss_exit_glass_guarded, base: Depths:2,
          evilmike_abyss_exit_12, hangedman_decor_peaks_small,
          evilmike_abyss_exit_vortex, evilmike_abyss_exit_vortex,
          evilmike_abyss_exit_4, onia_ninara_dug_in_and_dangerous,
          onia_ninara_dug_in_and_dangerous, grunt_abyss_exit_deep_breaths,
          hangedman_abyss_or_decor_passed, lemuel_flamethrower_3,
          grunt_abyss_exit_deep_breaths

Skill      XL: |  1  2  3  4  5  6  7  8  9 10 11 12 13 14 15 16 17 |
---------------+----------------------------------------------------+-----
Fighting       | 4 5 6 7 9 10 11 12 | 12.2
Axes           | 3 4 8 9 11 13 14 18 22 23 | 23.1
Dodging        | 3 4 5 6 |  6.1
Maces & Flails | 2 3 4 5 7 9 11 | 11.3
Stealth        | 5 6 |  6.1
Ranged Weapons | 7 9 10 12 13 14 | 14.4
Invocations    | 5 7 8 9 10 | 10.8
Evocations     | 3 4 6 |  6.7
Armour         | 4 6 7 9 10 | 10.0
Throwing       | 2 3 |  3.1

Action                     |  1- 3 |  4- 6 |  7- 9 | 10-12 | 13-15 | 16-18 || total
---------------------------+-------+-------+-------+-------+-------+-------++-------
  Melee: Hand axe          |    65 |    63 |       |       |       |       ||   128
         Headbutt          |    14 |    15 |    12 |    88 |   165 |    67 ||   361
         Punch             |     2 |     2 |     3 |    11 |     3 |       ||    21
         Morningstar       |       |    19 |    81 |       |       |       ||   100
         War axe           |       |       |     2 |   367 |       |       ||   369
         Unarmed           |       |       |       |     7 |       |       ||     7
         Battleaxe         |       |       |       |       |   268 |    94 ||   362
         Flail             |       |       |       |       |   202 |       ||   202
         Broad axe         |       |       |       |       |   116 |       ||   116
         Executioner's axe |       |       |       |       |    64 |   194 ||   258
   Fire: Shortbow          |       |       |   174 |   120 |    24 |       ||   318
         Arbalest          |       |       |       |       |   375 |   164 ||   539
  Throw: Dart              |       |       |     1 |     4 |    27 |     1 ||    33
         Boomerang         |       |       |       |       |     3 |     4 ||     7
 Invoke: Heroism           |       |       |     6 |    27 |    25 |    16 ||    74
         Finesse           |       |       |       |       |     5 |     4 ||     9
         Duel              |       |       |       |       |     1 |     1 ||     2
  Evoke: Wand              |       |       |     1 |     8 |    10 |     3 ||    22
    Use: Scroll            |     2 |       |    15 |    13 |    19 |     6 ||    55
         Potion            |       |       |     2 |     5 |     8 |     7 ||    22
   Stab: Sleeping          |     5 |     7 |     2 |       |       |       ||    14
         Paralysed         |       |       |       |     7 |       |       ||     7
         Petrified         |       |       |       |       |     1 |     1 ||     2
         Invisible         |       |       |       |       |     1 |       ||     1
         Distracted        |       |       |       |       |       |     1 ||     1
         Petrifying        |       |       |       |       |       |     1 ||     1
 Armour: Leather armour    |    16 |    17 |    14 |       |       |       ||    47
         Ring mail         |       |       |    13 |       |       |       ||    13
         Scale mail        |       |       |    20 |       |       |       ||    20
         Plate armour      |       |       |     5 |   309 |   507 |   157 ||   978
         Skin              |       |       |       |     3 |       |       ||     3
  Dodge: Dodged            |    49 |    38 |    87 |   161 |   516 |   250 ||  1101
         Repelled          |       |       |       |     1 |     4 |       ||     5

Table legend: (Time is in decaauts)
 A = Elapsed time spent in this place.
 B = Non-inter-level travel time spent in this place.
 C = Inter-level travel time spent in this place.
 D = Time resting spent in this place.
 E = Time spent auto-exploring this place.
 F = Levels seen in this place.
 G = Mean time per level.
                   A        B        C        D        E       F      G
               +--------+--------+--------+--------+--------+-----+--------+
         Total |  32476 |  30403 |   2073 |   8823 |  13994 |  34 |  955.2 |
       Dungeon |  16400 |  14731 |   1669 |   3807 |   7718 |  15 | 1093.3 |
        Temple |    182 |    182 |      0 |    156 |      0 |   1 |  182.0 |
          Lair |   6324 |   6089 |    235 |   1377 |   3640 |   5 | 1264.8 |
  Orcish Mines |   2352 |   2265 |     87 |    467 |   1060 |   2 | 1176.0 |
   Elven Halls |   4797 |   4716 |     81 |   2260 |   1177 |   3 | 1599.0 |
         Abyss |   1105 |   1105 |      0 |    188 |    112 |   4 |  276.2 |
        Bazaar |    326 |    326 |      0 |      0 |    185 |   1 |  326.0 |
       Ossuary |    938 |    938 |      0 |    525 |    101 |   1 |  938.0 |
         Arena |     48 |     48 |      0 |     41 |      0 |   2 |   24.0 |
               +--------+--------+--------+--------+--------+-----+--------+

Top non-repeatable levels by time:
   Elf:1: 1941 daAuts
  Lair:5: 1872 daAuts
    D:11: 1788 daAuts
  Lair:3: 1650 daAuts
   Orc:2: 1594 daAuts
   Elf:3: 1534 daAuts
     D:5: 1507 daAuts
     D:9: 1492 daAuts
    D:15: 1374 daAuts
    D:10: 1358 daAuts
   Elf:2: 1322 daAuts
     D:6: 1303 daAuts
     D:8: 1245 daAuts
     D:7: 1149 daAuts
  Lair:4: 1144 daAuts
